 Dungeon Crawl Stone Soup version 0.29-a0-323-g050149af67 (webtiles) character file.

Game seed: 4349900218106347428

40392 spaghetti the Summoner (level 13, -8/118 HPs)
             Began as a Demigod Summoner on Apr 11, 2022.
             Shot with an arrow by Nessos (18 damage)
             ... on level 6 of the Lair of Beasts.
             The game lasted 00:50:49 (24642 turns).

spaghetti the Summoner (Demigod Summoner)          Turns: 24642, Time: 00:50:49

Health: -8/118     AC: 12    Str: 18    XL:     13   Next: 39%
Magic:  9/24       EV: 14    Int: 37    God:
Gold:   1706       SH:  0    Dex: 14    Spells: 6/22 levels left

rFire   + . .      SeeInvis +   x - +2 demon whip (venom) {mace}
rCold   . . .      Faith    .   (no shield)
rNeg    . . .      Spirit   .   a - +0 ring mail of the Beginning {Int+6}
rPois   .          Reflect  .   (no helmet)
rElec   +          Harm     .   l - +0 cloak
rCorr   .          Rampage  .   u - +1 pair of gloves
Will    ++...                   (no boots)
Stlth   +.........              d - amulet of the acrobat
HPRegen 0.29/turn               M - ring of Discord {rElec Str+5 Int+2 SInv}
MPRegen 0.19/turn               I - ring of protection from fire

@: lethally poisoned (-8 -> -72)
A: high MP 1, forlorn, divine attributes, iridescent scales 2, strong-willed 1,
screaming 1
a: no special abilities


You were on level 6 of the Lair of Beasts.
You visited 2 branches of the dungeon, and saw 16 of its levels.

You collected 1706 gold pieces.


Innate Abilities, Weirdness & Mutations

You have an increased reservoir of magic. (+10% MP)
You shall have no god before yourself.
Your divine heritage dramatically boosts your attributes as you level up.
You are mostly covered in iridescent scales. (AC +4)
You are strong-willed. (Will+)
You occasionally shout uncontrollably at your foes.


   Skills:
 + Level 12.1 Fighting
 + Level 7.1 Maces & Flails
 + Level 8.3 Dodging
 - Level 1.7 Stealth
 - Level 5.0 Spellcasting
 + Level 13.9 Summonings
 + Level 4.8 Air Magic


You had 6 spell levels left.
You knew the following spells:

 Your Spells              Type           Power      Damage    Failure   Level
a - Summon Small Mammal   Summ           100%       N/A       1%          1
b - Call Imp              Summ           85%        N/A       1%          2
c - Call Canine Familiar  Summ           85%        N/A       1%          3
d - Summon Guardian Gole  Hex/Summ       57%        N/A       1%          3
e - Swiftness             Air            45%        N/A       2%          3
f - Summon Lightning Spi  Summ/Air       68%        N/A       1%          4

Your spell library contained the following spells:

 Spells                   Type           Power      Damage    Failure   Level
 Corpse Rot               Necr/Air       54%        N/A       3%          2
 Beastly Appendage        Tmut           18%        N/A       6%          1
 Magic Dart               Conj           36%        1d4       6%          1
 Slow                     Hex            36%        N/A       6%          1
 Blink                    Tloc           18%        N/A       10%         2
 Ensorcelled Hibernation  Hex/Ice        18%        N/A       10%         2
 Passwall                 Tmut/Erth      7%         N/A       10%         2
 Wereblood                Tmut           9%         N/A       10%         2
 Mephitic Cloud           Conj/Pois/Air  21%        N/A       10%         3
 Confusing Touch          Hex            9%         N/A       19%         3
 Gell's Gravitas          Tloc           9%         N/A       19%         3
 Ignite Poison            Fire/Tmut/Pois 9%         N/A       19%         3
 Spider Form              Tmut/Pois      9%         N/A       19%         3
 Teleport Other           Tloc           9%         N/A       19%         3
 Tukima's Dance           Hex            9%         N/A       19%         3
 Vampiric Draining        Necr           9%         2d6       19%         3
 Dispel Undead            Necr           9%         3d8       54%         4
 Passage of Golubria      Tloc           9%         N/A       54%         4
 Freezing Cloud           Conj/Ice/Air   10%        6-21      67%         5
 Manifold Assault         Tloc           9%         N/A       87%         5
 Yara's Violent Unravell  Hex/Tmut       4%         3d4       87%         5
 Death Channel            Necr           4%         N/A       100%        6
 Dispersal                Tloc           4%         N/A       100%        6
 Chain Lightning          Conj/Air       13%        3d18      100%        9
 Fire Storm               Conj/Fire      4%         8d1       100%        9
 Shatter                  Erth           4%         3d8*      100%        9

Inventory:

Hand Weapons
 x - a +2 demon whip of venom (weapon) {mace}
   (You took it off Amaemon on level 1 of the Lair of Beasts)
 Z - a +2 double sword of holy wrath {longrare=g}
   (You took it off Urug on level 6 of the Lair of Beasts)
Missiles
 c - 501 stones (quivered) {throwing}
 k - 6 boomerangs {throwing}
 Y - 5 javelins {throwing}
Armour
 a - the +0 ring mail of the Beginning (worn) {Int+6}
   (You found it on level 9 of the Dungeon)

   Int:       It affects your intelligence (+6).
 l - a +0 cloak (worn)
   (You found it on level 1 of the Dungeon)
 q - a +2 plate armour of fire resistance
   (You found it on level 6 of the Lair of Beasts)
 u - a +1 pair of gloves (worn)
   (You found it on level 6 of the Lair of Beasts)
 H - the +0 leather armour "Pehuts" {Contam Fly rF+ Dex+5}
   (You found it on level 6 of the Dungeon)

   Dex:       It affects your dexterity (+5).
   rF:        It protects you from fire.
   Fly:       It grants you flight.
   Contam:    It causes magical contamination when unequipped.
 S - the +5 ring mail of Roppimogh {*Slow Dex+6 SInv}
   (You found it on level 2 of the Lair of Beasts)

   Dex:       It affects your dexterity (+6).
   SInv:      It lets you see invisible.
   *Slow:     It may slow you when you take damage.
Jewellery
 d - an amulet of the acrobat (around neck)
   (You found it on level 9 of the Dungeon)
 f - a ring of ice
   (You found it on level 10 of the Dungeon)
 n - a ring of willpower
   (You found it on level 6 of the Lair of Beasts)
 o - a ring of willpower
   (You found it on level 2 of the Dungeon)
 s - a ring of protection from cold
   (You found it on level 6 of the Lair of Beasts)
 I - a ring of protection from fire (right hand)
   (You found it on level 6 of the Dungeon)
 K - a ring of wizardry
   (You found it on level 7 of the Dungeon)
 M - the ring of Discord (left hand) {rElec Str+5 Int+2 SInv}
   (You found it on level 1 of the Lair of Beasts)

   [ring of see invisible]

   Str:       It affects your strength (+5).
   Int:       It affects your intelligence (+2).
   rElec:     It insulates you from electricity.
   SInv:      It lets you see invisible.
 N - a ring of flight
   (You found it on level 7 of the Dungeon)
 V - the amulet "Neseargh" {Reflect Will- Str+4 Dex+5 Slay-3 SH+5}
   (You found it on level 3 of the Lair of Beasts)

   [amulet of reflection]

   It reflects blocked missile attacks.
   Str:       It affects your strength (+4).
   Dex:       It affects your dexterity (+5).
   Slay:      It affects your accuracy & damage with ranged weapons and melee
   (-3).
   SH:        It affects your SH (+5).
   Will:      It decreases your willpower.
Scrolls
 e - a scroll of immolation {!r!r}
 h - 4 scrolls of magic mapping {!r}
 j - 2 scrolls of blinking {!r}
 r - 7 scrolls of teleportation {@r4}
 t - 2 scrolls of fear
 w - 4 scrolls of enchant armour
 A - a scroll of identify {@r1}
 C - a scroll of holy word
 D - a scroll of enchant weapon
 L - 4 scrolls of amnesia
 R - 2 scrolls of vulnerability {!r!r}
Potions
 b - a potion of magic
 g - 3 potions of lignification {!q}
 i - 5 potions of attraction {!q}
 m - 5 potions of haste {@q3}
 p - a potion of ambrosia
 v - 6 potions of curing {@q1}
 z - a potion of cancellation
 E - a potion of flight
 F - 3 potions of invisibility
 J - 2 potions of might
 P - 2 potions of berserk rage {!q}
 T - 2 potions of brilliance
 U - 3 potions of heal wounds {@q2}
 X - 2 potions of resistance

Dungeon Overview and Level Annotations

Branches:
Dungeon (10/15)            Temple (0/1) D:7            Lair (6/6) D:8
  Swamp (0/4) Lair:4        Snake (0/4) Lair:2        Slime (0/5) Lair:6
    Orc: D:9-12

Shops:
D:2 !

Annotations:
D:5 2 runed translucent doors, zishaf's ghost, novice BaIE
Lair:2 3 runed translucent doors, greenreed's ghost, journeyman DjVM
Lair:6 Nessos

.#........................#
.#...............P........#
P.............†.#..........#
................#P..........
...............###.......###
...............# #........#
...............###.........
................##.........
................@.........
.............§§..h.......
.............§.§#8......
............r§.#........
.............c###.......
...............# .......
..............#. .......
............. .......
.......


You could see Nessos (fast, ally target), a friendly warg (summoned), a friendly
lightning spire (summoned) and a friendly rat (summoned).


Message History

Unknown command.
Unknown command.
Unknown command.
Casting: Summon Guardian Golem (safe; 1% risk of failure)
Confirm with . or Enter, or press ? or * to list all spells.
You feel very sick.
Nessos mumbles some strange words.
Nessos blinks! 😮 HP[-5] MP[-1]
You take 5 damage, and now have 83/118 hp.
You lost 1 mp, and now have 11/24 mp.
Casting: Summon Small Mammal (safe; 1% risk of failure)
Confirm with . or Enter, or press ? or * to list all spells.
You feel very sick.
Nessos shoots an arrow.
The arrow hits your warg! The arrow burns your warg.
Your warg bites Nessos!
Nessos unwields a +1 longbow of flaming.
It stops flaming.
Nessos barely misses your warg.
Nessos kicks your warg but does no damage.
Your warg barely misses Nessos. 😮 HP[-4]
You take 4 damage, and now have 79/118 hp.
Unknown command.
What are your orders? t - Yell!
Orders for allies: a - Attack new target. r - Retreat! s - Stop attacking. g - Guard the area. f - Follow me.
Anything else - Cancel.
Gang up on whom?
Press: ? - help, Dir - move target, f - Nessos
Aim: Nessos, wearing a +0 barding (moderately wounded, fast, ally target) Attack!
You feel very sick.
Nessos pounds the earth with their hooves.
Nessos wields a +1 longbow of flaming.
It bursts into flame!
Nessos shoots an arrow.
The arrow hits your warg!! The arrow burns your warg.
Nessos shoots an arrow.
The arrow hits your warg!! The arrow burns your warg.
Your warg bites Nessos. 😮 HP[-4]
You take 4 damage, and now have 75/118 hp.
You feel very sick.
Nessos unwields a +1 longbow of flaming.
It stops flaming.
Nessos closely misses your warg.
Nessos kicks your warg but does no damage.
Nessos wields a +1 longbow of flaming.
It bursts into flame!
Nessos shoots an arrow.
The arrow closely misses your warg. The arrow hits your guardian golem!!
The arrow burns your guardian golem.
Your warg bites Nessos!
Your white imp gestures at Nessos.
The puff of frost hits Nessos but does no damage.
Your guardian golem overheats! 😮 HP[-3]
You take 3 damage, and now have 72/118 hp.
Unknown command.
Unknown command.
Unknown command.
Unknown command.
You feel sick.
Nessos shoots an arrow.
The arrow closely misses your warg. The arrow hits your guardian golem!!
The arrow burns your guardian golem.
Your guardian golem disappears in a puff of smoke!
The fiery explosion engulfs your rat!!!
Your rat dies!
Your rat's corpse disappears in a puff of smoke!
The fiery explosion engulfs your warg!!!
Your warg dies!
Your warg's corpse disappears in a puff of smoke!
The fiery explosion engulfs your white imp!!!
Your white imp is burned terribly!
Your white imp dies!
Your white imp disappears in a puff of smoke!
Nessos shoots an arrow.
The arrow completely misses you.
Your rat barely misses Nessos. 😮 HP[-2]
You take 2 damage, and now have 70/118 hp.
Casting: Summon Small Mammal (safe; 1% risk of failure)
Confirm with . or Enter, or press ? or * to list all spells.
You feel sick.
Nessos shoots an arrow.
The arrow hits you!
* * * LOW HITPOINT WARNING * * *
The arrow burns you.
You are more poisoned.
* * * LOW HITPOINT WARNING * * *
Nessos shoots an arrow.
The arrow hits you!
* * * LOW HITPOINT WARNING * * *
You are lethally poisoned!
Nessos shoots an arrow.
The arrow hits you!!
* * * LOW HITPOINT WARNING * * *
The arrow burns you.
You are more poisoned.
* * * LOW HITPOINT WARNING * * *
Your rat bites Nessos but does no damage. 😱 HP[-57] MP[-3]
You take 57 damage, and now have 13/118 hp.
MASSIVE DAMAGE!! (PAUSE)
You lost 3 mp, and now have 8/24 mp.
You feel much better.
* * * LOW HITPOINT WARNING * * *
You feel extremely sick.
Nessos shoots an arrow.
The arrow hits you!!
You die...

Skill      XL: |  1  2  3  4  5  6  7  8  9 10 11 12 13 |
---------------+----------------------------------------+-----
Summonings     | 4 5 6 7 8 10 12 13 | 13.9
Spellcasting   | 2 3 4 5 |  5.0
Fighting       | 1 2 4 5 7 8 10 11 12 | 12.1
Air Magic      | 1 2 3 4 |  4.8
Dodging        | 5 7 8 |  8.3
Maces & Flails | 3 6 7 |  7.1
Stealth        | |  1.7

Action                   |  1- 3 |  4- 6 |  7- 9 | 10-12 | 13-15 || total
-------------------------+-------+-------+-------+-------+-------++-------
Melee: Short sword       |   107 |    81 |       |       |       ||   188
       Unarmed           |     2 |       |       |       |       ||     2
       Punch             |     1 |       |     3 |     6 |     2 ||    12
       Falchion          |       |    28 |       |       |       ||    28
       Whip              |       |       |   156 |   109 |       ||   265
       Demon whip        |       |       |       |   127 |    41 ||   168
Throw: Stone             |       |     4 |       |     2 |     1 ||     7
 Cast: Summon Small Mamm |    25 |    13 |    34 |    86 |    14 ||   172
       Call Imp          |    22 |    18 |    32 |    65 |    10 ||   147
       Call Canine Famil |     6 |    18 |    35 |    61 |     9 ||   129
       Summon Guardian G |       |     1 |     8 |    20 |     5 ||    34
       Summon Lightning  |       |       |    11 |    70 |    15 ||    96
       Swiftness         |       |       |     3 |     6 |       ||     9
Evoke: Wand              |       |       |       |     4 |       ||     4
  Use: Potion            |     3 |     3 |     1 |     5 |     1 ||    13
       Scroll            |       |       |    10 |    12 |       ||    22
 Stab: Sleeping          |     1 |       |       |       |       ||     1
       Distracted        |       |     2 |     2 |     7 |     2 ||    13
Armor: Robe              |    30 |    36 |    14 |       |       ||    80
       Leather armour    |       |       |    22 |     7 |       ||    29
       Ring mail         |       |       |       |    88 |    12 ||   100
Dodge: Dodged            |    90 |    68 |   131 |   249 |    27 ||   565

Levels and vault maps discovered:
D:1:      lemuel_arrival_cross, layout_loops_ring, basic_ecumenical_altar
D:2:      layout_loops_ring, serial_shops, shop
D:3:      layout_loops_cross, chequers_temple_overflow_statue_of_worship,
          lightli_sewer_entry_pipes, uniq_grinder, uniq_terence
D:4:      layout_loops_ring, chequers_serial_rivers_large_a,
          chequers_serial_rivers_large_b, nrook_campfire, uniq_pikel
D:5:      minmay_chambers_of_threes, layout_gridville,
          nicolae_uskayaw_dance_hall, ebering_ghost_disaster_area,
          saegor_snake_ambush
D:6:      layout_basic, mainiacjoe_overflow_brackets, chequers_jeans,
          chequers_hall_statues_wall_a, dreamdust_princess_bridge, uniq_sigmund
D:7:      layout_cave_pools, nzn_wu_jian_council_hall, cheibriados_altar_1,
          minmay_temple_entry_glass, nicolae_grassy_gnolls
D:8:      layout_cave_pools, grunt_temple_overflow_gold_and_silver,
          makhleb_grotto_becter, tgw_trog, kennysheep_mini,
          grunt_lair_entry_orc_guard_hut, kennysheep_generic_room_2
D:9:      layout_rooms, dk_xom_monty_hall, nicolae_ashenzari_skybound,
          lemuel_zombie_altar_yredelemnul
D:10:     layout_irregular_city, nzn_hepliaklqana_mist_gate,
          lemuel_doored_altar, uniq_erica
Lair:1:   layout_loops_ring, minivault_25, uniq_amaemon
Lair:2:   layout_cave_shapes, ebering_ghost_rock_garden
Lair:3:   layout_regular_city, grunt_megastairs_5
Lair:4:   layout_long_grid, swamp_mist, portal_ice_cave_entry_imps,
          beast_lair_carwin_3, infiniplex_staircase_pool_2
Lair:5:   layout_roguey, ldierk_geyser, lemuel_fruit_tree, grunt_megastairs_4
Lair:6:   evilmike_catoblepas_cave, layout_long_grid, slime_dummy, uniq_urug,
          uniq_nessos

Notes
Turn   | Place    | Note
-------+----------+-------------------------------------------
     0 | D:1      | spaghetti the Demigod Summoner began the quest for the Orb.
     0 | D:1      | Reached XP level 1. HP: 14/14 MP: 5/5
     0 | D:1      | magus.rc [v1.9.6]
   120 | D:1      | HP: 3/14 [jackal (2)]
   127 | D:1      | HP: 2/14 [jackal (3)]
   128 | D:1      | Reached skill level 4 in Summonings
   467 | D:1      | Reached XP level 2. HP: 20/20 MP: 4/7
   559 | D:1      | magus.rc [v1.9.6]
   569 | D:1      | Learned a level 2 spell: Call Imp
  1162 | D:1      | You pick up a book of Annihilations and begin reading...
  1162 | D:1      | You add the spells Chain Lightning, Fire Storm and Shatter
                  | to your library.
  1487 | D:2      | Found Woevvoamyiz's Distillery.
  1928 | D:2      | Reached XP level 3. HP: 26/26 MP: 8/8
  2187 | D:2      | Reached skill level 2 in Spellcasting
  2255 | D:2      | Learned a level 3 spell: Call Canine Familiar
  2939 | D:3      | Reached skill level 1 in Fighting
  2939 | D:3      | Reached XP level 4. HP: 35/35 MP: 0/10
  3081 | D:3      | Noticed Terence
  3724 | D:3      | Reached skill level 5 in Summonings
  3805 | D:3      | Reached XP level 5. HP: 41/41 MP: 5/11
  3819 | D:3      | Reached skill level 2 in Fighting
  3951 | D:3      | Noticed Grinder
  4004 | D:3      | Killed Grinder
  4005 | D:3      | Reached skill level 3 in Spellcasting
  4005 | D:3      | Reached XP level 6. HP: 25/50 MP: 2/14
  4205 | D:3      | Learned a level 3 spell: Summon Guardian Golem
  4404 | D:3      | You pick up a book of Burglary and begin reading...
  4404 | D:3      | You add the spells Passwall, Ensorcelled Hibernation and
                  | Swiftness to your library.
  4581 | D:3      | Killed Terence
  4582 | D:3      | Reached skill level 3 in Fighting
  5088 | D:4      | Noticed Pikel
  5096 | D:4      | HP: 8/51 [Pikel/+0 whip of electrocution (16)]
  5097 | D:4      | HP: 3/51 [Pikel/+0 whip of electrocution (6)]
  5097 | D:4      | Killed Pikel
  5098 | D:4      | Reached skill level 4 in Fighting
  5098 | D:4      | Reached skill level 4 in Spellcasting
  5098 | D:4      | Reached skill level 6 in Summonings
  5098 | D:4      | Reached XP level 7. HP: 3/59 MP: 9/16
  6017 | D:4      | Reached skill level 7 in Summonings
  6407 | D:5      | Entered Level 5 of the Dungeon
  6423 | D:5      | Found a large runed translucent door.
  6426 | D:5      | Found a large runed translucent door.
  6427 | D:5      | Noticed zishaf's ghost (novice BaIE)
  6795 | D:5      | Reached XP level 8. HP: 60/67 MP: 10/18
  7335 | D:5      | Reached skill level 5 in Spellcasting
  7335 | D:5      | Reached skill level 8 in Summonings
  7337 | D:5      | Reached skill level 5 in Fighting
  7545 | D:5      | Learned a level 3 spell: Swiftness
  7550 | D:5      | Learned a level 4 spell: Summon Lightning Spire
  8351 | D:6      | Identified the +0 leather armour "Pehuts" {Contam Fly rF+
                  | Dex+5}
  8833 | D:6      | Noticed Sigmund
  8841 | D:6      | Killed Sigmund
  8842 | D:6      | Reached skill level 1 in Air Magic
  8919 | D:6      | Reached XP level 9. HP: 52/75 MP: 20/20
  9159 | D:7      | Reached skill level 9 in Summonings
  9186 | D:7      | Found a staircase to the Ecumenical Temple.
  9299 | D:7      | Reached skill level 2 in Air Magic
  9579 | D:7      | Reached skill level 6 in Fighting
  9637 | D:7      | Identified the -3 pair of boots of Narcissism {rF++ Will++
                  | SInv}
  9932 | D:7      | You add the spells Ignite Poison, Mephitic Cloud and
                  | Freezing Cloud to your library.
 10180 | D:7      | Reached skill level 10 in Summonings
 10653 | D:8      | You add the spells Gell's Gravitas, Teleport Other and
                  | Dispersal to your library.
 10786 | D:8      | Found a staircase to the Lair.
 10799 | D:8      | HP: 2/78 [orc warrior/+0 halberd (19)]
 11065 | D:8      | You pick up a book of Debilitation and begin reading...
 11065 | D:8      | You add the spells Slow, Vampiric Draining and Confusing
                  | Touch to your library.
 11090 | D:8      | Noticed a moth of wrath
 11204 | D:8      | Identified the +1 robe of Oxoskiom {rF++ rN+ MP-9}
 11302 | D:8      | Reached skill level 7 in Fighting
 11315 | D:8      | Killed a large slime creature
 11316 | D:8      | Reached XP level 10. HP: 69/86 MP: 0/21
 11484 | D:8      | Reached skill level 11 in Summonings
 11923 | D:9      | Identified the +0 ring mail of the Beginning {Int+6}
 12647 | D:9      | You add the spells Tukima's Dance, Passage of Golubria and
                  | Yara's Violent Unravelling to your library.
 13222 | D:10     | Entered Level 10 of the Dungeon
 13491 | D:10     | HP: 21/88 [vampire mosquito (5)]
 13495 | D:10     | HP: 10/132 [vampire mosquito (2)]
 13881 | Lair:1   | Entered Level 1 of the Lair of Beasts
 13957 | Lair:1   | Reached skill level 8 in Fighting
 14000 | Lair:1   | Reached skill level 12 in Summonings
 14014 | Lair:1   | HP: 21/88 [yak (8)]
 15016 | Lair:1   | Noticed Amaemon
 15030 | Lair:1   | Reached XP level 11. HP: 81/95 MP: 6/22
 15392 | Lair:1   | HP: 23/95 [poisoned by a cane toad]
 15577 | Lair:1   | Reached skill level 13 in Summonings
 15586 | Lair:1   | Reached skill level 9 in Fighting
 15676 | Lair:1   | Killed Amaemon
 15865 | Lair:1   | Reached skill level 2 in Dodging
 15992 | Lair:1   | Identified the ring of Discord {rElec Str+5 Int+2 SInv}
 16334 | Lair:2   | Reached skill level 1 in Maces & Flails
 16366 | Lair:2   | Identified the +5 ring mail of Roppimogh {*Slow Dex+6 SInv}
 16374 | Lair:2   | Found a staircase to the Snake Pit.
 16446 | Lair:2   | HP: 24/97 [elephant (3)]
 16469 | Lair:2   | Reached skill level 2 in Maces & Flails
 16469 | Lair:2   | Reached skill level 3 in Dodging
 16929 | Lair:2   | Noticed a seven-headed hydra
 16947 | Lair:2   | Killed a seven-headed hydra
 17290 | Lair:2   | Gained mutation: You are partially covered in iridescent
                  | scales. (AC +2) [potion of mutation]
 17290 | Lair:2   | Gained mutation: You are strong-willed. (Will+) [potion of
                  | mutation]
 17290 | Lair:2   | Gained mutation: You occasionally shout uncontrollably at
                  | your foes. [potion of mutation]
 17290 | Lair:2   | Gained mutation: You are mostly covered in iridescent
                  | scales. (AC +4) [potion of mutation]
 17393 | Lair:2   | You pick up a book of Decay and begin reading...
 17393 | Lair:2   | You add the spells Corpse Rot, Dispel Undead and Death
                  | Channel to your library.
 17529 | Lair:2   | Found a runed translucent gate.
 17529 | Lair:2   | Found a runed translucent gate.
 17529 | Lair:2   | Found a runed translucent gate.
 17530 | Lair:2   | Noticed greenreed's ghost (journeyman DjVM)
 17683 | Lair:3   | Reached skill level 3 in Maces & Flails
 17981 | Lair:3   | Reached skill level 4 in Dodging
 18300 | Lair:3   | Reached skill level 10 in Fighting
 18427 | Lair:3   | Identified the amulet "Neseargh" {Reflect Will- Str+4 Dex+5
                  | Slay-3 SH+5}
 18461 | Lair:3   | You fall into a shaft and drop 3 floors!
 18461 | Lair:6   | Entered Level 6 of the Lair of Beasts
 18476 | Lair:6   | Noticed Urug
 18477 | Lair:6   | Noticed a death yak
 18481 | Lair:6   | Noticed a death yak
 18482 | Lair:6   | Noticed a death yak
 18487 | Lair:6   | Killed Urug
 18488 | Lair:6   | Killed a death yak
 18489 | Lair:6   | Reached skill level 5 in Dodging
 18491 | Lair:6   | Noticed a death yak
 18557 | Lair:5   | Noticed a boulder beetle
 18576 | Lair:5   | Killed a boulder beetle
 18733 | Lair:5   | Killed a death yak
 18911 | Lair:5   | Reached XP level 12. HP: 108/108 MP: 15/23
 18920 | Lair:5   | Reached skill level 4 in Maces & Flails
 18967 | Lair:4   | HP: 17/108 [cane toad (12)]
 18968 | Lair:4   | Reached skill level 6 in Dodging
 19306 | Lair:4   | Noticed a four-headed hydra
 19314 | Lair:4   | Killed a four-headed hydra
 19424 | Lair:4   | Reached skill level 11 in Fighting
 19766 | Lair:4   | Found a staircase to the Swamp.
 19816 | Lair:4   | Reached skill level 5 in Maces & Flails
 20964 | Lair:4   | Reached skill level 7 in Dodging
 21456 | Lair:5   | You pick up a book of Changes and begin reading...
 21456 | Lair:5   | You add the spells Beastly Appendage, Wereblood and Spider
                  | Form to your library.
 21838 | Lair:5   | You pick up a book of Minor Magic and begin reading...
 21862 | Lair:5   | Noticed a boulder beetle
 21871 | Lair:5   | Killed a boulder beetle
 22926 | Lair:6   | Noticed a five-headed hydra
 22932 | Lair:6   | Reached skill level 6 in Maces & Flails
 22934 | Lair:6   | Killed a five-headed hydra
 22935 | Lair:6   | Reached skill level 3 in Air Magic
 22949 | Lair:6   | Noticed a catoblepas
 22961 | Lair:6   | Killed a catoblepas
 23087 | Lair:6   | Z - a +2 double sword of holy wrath {longrare=g}
 23137 | Lair:6   | Reached XP level 13. HP: 87/117 MP: 0/24
 23537 | Lair:6   | Reached skill level 4 in Air Magic
 23655 | Lair:6   | Reached skill level 8 in Dodging
 23911 | Lair:6   | Reached skill level 12 in Fighting
 23963 | Lair:6   | Reached skill level 7 in Maces & Flails
 24326 | Lair:6   | Found a staircase to the Slime Pits.
 24457 | Lair:6   | You add the spells Blink and Manifold Assault to your
                  | library.
 24457 | Lair:6   | Got the Guide on the Compass
 24631 | Lair:6   | Noticed Nessos
 24641 | Lair:6   | HP: 16/118 [Nessos/arrow (19)]
 24642 | Lair:6   | Shot with an arrow by Nessos

Vanquished Creatures
  A boulder beetle (Lair:5)
  A death yak (Lair:6)
  3 black mambas
  An elephant (Lair:2)
  2 cane toads
  A komodo dragon (Lair:3)
  Grinder (D:3)
  2 polar bears
  2 dream sheep (Lair:6)
  11 yaks
  5 water moccasins
  A black bear (D:8)
  5 wolves
  4 bullfrogs
  3 wights
  A howler monkey (D:9)
  An orc priest (D:7)
  A jelly (D:4)
  A gnoll shaman (D:5)
  2 iguanas
  A killer bee zombie (D:9)
  A howler monkey zombie (D:9)
  2 adders
  2 river rats (D:3)
  A shadow imp (D:8)
  2 white imps (Lair:4)
  2 ufetubi
  A worm (D:3)
  2 dart slugs
  6 orcs
  3 endoplasms
  3 giant cockroaches
  3 goblins
  6 hobgoblins
  10 jackals
  A quokka (D:3)
  5 ball pythons
  4 bats
  4 kobolds
  3 rats (D:2)
111 creatures vanquished.

Vanquished Creatures (collateral kills)
  A boulder beetle (Lair:5)
  4 hydras
  3 catoblepae (Lair:6)
  4 death yaks
  Urug (Lair:6)
  Amaemon (Lair:1)
  Pikel (D:4)
  A manticore (Lair:6)
  2 elephants (Lair:2)
  4 black mambas
  8 cane toads
  An orange demon (Lair:1)
  9 komodo dragons
  4 polar bears
  5 blink frogs (Lair:1)
  2 slime creatures (D:8)
  Sigmund (D:6)
  9 dream sheep
  A vampire (D:10)
  24 yaks
  A wyvern (D:9)
  A basilisk (Lair:3)
  A steam dragon (D:7)
  2 vampire mosquitoes
  11 water moccasins
  2 sky beasts
  2 orc warriors
  2 ice beasts
  11 wolves
  A centaur (D:9)
  2 black bears
  2 ogres (D:5)
  2 phantoms (D:5)
  4 bullfrogs
  2 scorpions
  5 wights
  4 killer bees (D:10)
  2 howler monkeys
  2 electric eels (D:8)
  3 jellies
  3 hounds (D:5)
  An orc priest (D:8)
  2 gnoll shamans
  Terence (D:3)
  3 orc wizards
  6 iguanas
  A nameless horror (Lair:1)
  12 gnolls
  7 adders
  2 river rats (D:3)
  11 white imps
  2 ufetubi
  3 worms
  A dart slug (D:5)
  11 orcs
  6 ball pythons
  3 endoplasms
  2 hobgoblins (D:3)
  4 jackals
  A quokka (D:1)
  2 bats (D:1)
  2 frilled lizards
  6 goblins
  A kobold (D:3)
  A rat (D:3)
  A bush (D:6)
243 creatures vanquished.

Vanquished Creatures (others)
  4 death yaks (Lair:6)
  A manticore (Lair:6)
  6 yaks
  A vampire mosquito (D:10)
  A wolf (Lair:1)
  A killer bee (D:10)
  A jelly (D:4)
  A gnoll (D:4)
  An endoplasm (D:4)
  A bush (Lair:6)
  48 fungi
  63 plants
129 creatures vanquished.

Grand Total: 483 creatures vanquished

Table legend:
 A = Non-vault XP
 B = Vault XP
 C = Vault XP percentage of total XP
 D = Non-vault monster count
 E = Vault monster count
 F = Vault count percentage of total count
                 A         B        C        D         E       F
            +---------+---------+-------+---------+---------+-------
      Total |   38126 |   19577 |  33.9 |     274 |      95 |  25.7
            +---------+---------+-------+---------+---------+-------
        D:1 |      31 |       0 |   0.0 |      18 |       0 |   0.0
        D:2 |      52 |       0 |   0.0 |      25 |       0 |   0.0
        D:3 |     117 |     420 |  78.2 |      25 |      11 |  30.6
        D:4 |     272 |     586 |  68.3 |      15 |       1 |   6.2
        D:5 |     661 |     702 |  51.5 |      10 |      15 |  60.0
        D:6 |     350 |     239 |  40.6 |       6 |       1 |  14.3
        D:7 |    1058 |      82 |   7.2 |      22 |       4 |  15.4
        D:8 |    1693 |     767 |  31.2 |      22 |       9 |  29.0
        D:9 |     791 |      89 |  10.1 |      11 |       4 |  26.7
       D:10 |     862 |       0 |   0.0 |       8 |       0 |   0.0
     Lair:1 |    6049 |    1157 |  16.1 |      28 |       2 |   6.7
     Lair:2 |    3796 |       0 |   0.0 |      13 |       0 |   0.0
     Lair:3 |    2530 |     452 |  15.2 |      11 |       1 |   8.3
     Lair:4 |    4013 |    1788 |  30.8 |      12 |      17 |  58.6
     Lair:5 |    5019 |    2534 |  33.5 |      15 |       7 |  31.8
     Lair:6 |   10832 |   10761 |  49.8 |      33 |      23 |  41.1
            +---------+---------+-------+---------+---------+-------

Illustrated notes

Table legend:
 A = Kills in this place as a percentage of kills in entire the game.
 B = Kills by you in this place as a percentage of kills by you in the entire game.
 C = Kills by friends in this place as a percentage of kills by friends in the entire game.
 D = Other kills in this place as a percentage of other kills in the entire game.
 E = Experience gained in this place as a percentage of experience gained in the entire game.
 F = Experience gained in this place divided by the number of levels of this place that you have seen.
                   A       B       C       D       E      F
               +-------+-------+-------+-------+-------+----------------------
         Total | 100.0 | 100.0 | 100.0 | 100.0 | 100.0 | 3606.4
       Dungeon |  56.1 |  68.5 |  52.3 |  29.4 |  15.2 | 877.2
          Lair |  43.9 |  31.5 |  47.7 |  70.6 |  84.8 | 8155.2
               +-------+-------+-------+-------+-------+----------------------

Table legend: (Time is in decaauts)
 A = Elapsed time spent in this place.
 B = Non-inter-level travel time spent in this place.
 C = Inter-level travel time spent in this place.
 D = Time resting spent in this place.
 E = Time spent auto-exploring this place.
 F = Levels seen in this place.
 G = Mean time per level.
                   A        B        C        D        E       F      G
               +--------+--------+--------+--------+--------+-----+--------+
         Total |  24779 |  24264 |    515 |   5691 |  15287 |  16 | 1548.7 |
       Dungeon |  14286 |  13924 |    362 |   2451 |   9455 |  10 | 1428.6 |
          Lair |  10492 |  10339 |    153 |   3240 |   5831 |   6 | 1748.7 |
               +--------+--------+--------+--------+--------+-----+--------+

Top non-repeatable levels by time:
  Lair:1: 2127 daAuts
  Lair:6: 1958 daAuts
  Lair:5: 1906 daAuts
     D:8: 1884 daAuts
  Lair:4: 1773 daAuts
     D:3: 1769 daAuts
     D:5: 1764 daAuts
     D:4: 1710 daAuts
     D:2: 1696 daAuts
     D:9: 1687 daAuts
  Lair:2: 1674 daAuts
     D:1: 1342 daAuts
     D:7: 1141 daAuts
  Lair:3: 1051 daAuts
     D:6: 1011 daAuts
